 Dungeon Sprint DCSS version 0.25-a0-420-g1cc7eeb0d1 (webtiles) character file.

Game seed: 11959399462794730292, levelgen mode: deterministic

4230 Baz the Grappler (level 10, -5/113 HPs)
             Began as a Troll Monk on Jan 18, 2020.
             Was the Champion of Jiyva.
             Slain by a ghost moth (10 damage)
             ... in the Dungeon (Sprint VII: "The Pits").
             The game lasted 00:05:26 (693 turns).

Baz the Grappler (Troll Monk)                        Turns: 693, Time: 00:05:27

Health: -5/113     AC:  7    Str: 16 (19) XL:     10   Next: 9%
Magic:  0/9        EV: 16    Int:  9      God:    Jiyva [******]
Gold:   0          SH:  0    Dex: 15 (16) Spells: 9/9 levels left

rFire    . . .     SeeInvis .     - Unarmed
rCold    . . .     Gourm    +   (no shield)
rNeg     . . .     Faith    .   n - +0 troll leather armour {Purgy}
rPois    .         Spirit   .   (helmet restricted)
rElec    +         Reflect  .   (no cloak)
rCorr    +         Harm     .   (gloves unavailable)
MR       .....     NoTele   +   (boots unavailable)
Stlth    ++........             (no amulet)
HPRegen  1.08/turn              (no ring)
MPRegen  0.11/turn              (no ring)

@: lethally poisoned (-5 -> -22)
A: large, unfitting armour, claws 3, fangs 1, fast metabolism 3, gourmand,
regeneration 1, shaggy fur 1, electricity resistance, strong 1, tough skin 3,
wild magic 1, acidic bite, eyeballs 2, pseudopods 3, translucent skin 1,
tendrils
a: Request Jelly, Slimify, Cure Bad Mutation, Renounce Religion


You were in the Dungeon.
You worshipped Jiyva.
Jiyva was exalted by your worship.
You were completely stuffed.

You visited 1 branch

Inventory:

Armour
 a - a +0 robe
 n - a +0 troll leather armour (worn) {Purgy}
Jewellery
 o - a +3 ring of dexterity
 r - a +3 ring of evasion
Scrolls
 h - a scroll of blinking
 j - 3 scrolls of remove curse
 k - 5 scrolls of amnesia
 l - a scroll of summoning
Potions
 c - 6 potions of curing
 d - 2 potions of heal wounds
 e - a potion of haste
 f - 4 potions of magic
 g - 3 potions of berserk rage
 i - 2 potions of invisibility
 p - a potion of brilliance
 q - a potion of might
 s - 2 potions of resistance
Comestibles
 b - 10 rations
 m - 4 chunks of flesh


   Skills:
 * Level 11.0 Fighting
 + Level 7.6 Armour
 * Level 11.0 Dodging
 - Level 1.0 Stealth
 * Level 12.8 Unarmed Combat


You had 9 spell levels left.
You didn't know any spells.
Your spell library was empty.

Dungeon Overview and Level Annotations

Branches:
Dungeon (1/1)

Altars:
Ashenzari
Cheibriados
Dithmenos
Elyvilon
Fedhas
Gozag
Hepliaklqana
Kikubaaqudgha
Makhleb
Nemelex Xobeh
Okawaru
Qazlal
Ru
Sif Muna
Trog
Uskayaw
Vehumet
Wu Jian
Xom
Yredelemnul
Zin
The Shining One
Beogh
Jiyva
Lugonu


Innate Abilities, Weirdness & Mutations

You are too large for most types of armour.
You have claws for hands.
Your metabolism is lightning-fast.
You like to eat raw meat.
Your natural rate of healing is unusually fast.
You are covered in fur. (AC +1)
You have extremely tough skin. (AC +3)
You have very sharp teeth.
You are resistant to electric shocks. (rElec)
Your muscles are strong. (Str +2)
Your spells are a little harder to cast, but a little more powerful.
You have acidic saliva.
Your body has grown many golden eyes which may confuse attackers. (Acc +5)
Armour fits poorly on your massive pseudopods.
Your translucent skin slightly reduces your foes' accuracy. (Stealth)
You are covered in slimy tendrils that may disarm your opponents.


Message History

* * * LOW HITPOINT WARNING * * *
You feel weakened. Something closely misses you.
Something stings you but does no damage.
You mangle something!! You bite something. You bludgeon something!
* * * LOW HITPOINT WARNING * * *
You feel very sick. Something hits you.
* * * LOW HITPOINT WARNING * * *
Something hits you!
* * * LOW HITPOINT WARNING * * *
You feel clumsy.
Something stings you but does no damage.
You claw something!
* * * LOW HITPOINT WARNING * * *
You feel sick.
You feel you are being watched by something.
You feel your power leaking away. Something hits you!
You die...

####### , , , _____.#* , , ,
, , , _____.# * ++*
___...###########++###### ,
#####'##................# ,
* ')).'.##......#..#......#
,
#####.##................++,
.......'................+
##'#####......#.@#......#
#...G.##........{.......#
#...#.#####'#####''###### *
#####.##.......##''# * *
'...#.##.......##..##* *, +,
'รท..'.##.......##..w## .,
########...<...###...##'##..
, '.)))[##.......#
##...o...o.
#.)))[##.......###..###'###.


You could see a tyrant leech.

Vanquished Creatures
  3 orc sorcerers (D)
  A cyclops (D)
  A redback (D)
  5 yaks (D)
  4 vampire mosquitoes (D)
  A warg (D)
  2 acid dragons (D)
  A phantom (D)
  4 wights (D)
  A crimson imp (D)
  2 quasits (D)
  An adder (D)
  A river rat (D)
  A white imp (D)
  A giant cockroach (D)
  A ball python (D)
  2 frilled lizards (D)
  A rat (D)
33 creatures vanquished.

Vanquished Creatures (collateral kills)
  An unseen horror (shapeshifter) (D)
  An orc warrior (D)
  A water moccasin (D)
  Purgy (D)
  A bullfrog (D)
  A worker ant (D)
  A bat (D)
  A kobold (D)
8 creatures vanquished.

Vanquished Creatures (others)
  Dissolution (D)
  3 azure jellies (D)
  A draconian shifter (D)
  2 death oozes (D)
  2 great orbs of eyes (D)
  A manticore (shapeshifter) (D)
  2 eyes of devastation (D)
  A hellion (D)
  A rime drake (D)
  A hornet (shapeshifter) (D)
  2 golden eyes (D)
  A slime creature (D)
  A dream sheep (shapeshifter) (D)
  4 floating eyes (D)
  An eye of draining (shapeshifter) (D)
  A necrophage (D)
  An eye of draining (D)
  9 jellies (D)
35 creatures vanquished.

Grand Total: 76 creatures vanquished

Notes
Turn   | Place    | Note
-------+----------+-------------------------------------------
     0 | D        | Baz the Troll Monk began the quest for the Orb.
     0 | D        | Reached XP level 1. HP: 22/22 MP: 0/0
    20 | D        | Found a bloodstained altar of Trog.
    20 | D        | Found a shimmering blue altar of Sif Muna.
    20 | D        | Found a viscous altar of Jiyva.
    20 | D        | Found a hazy altar of Hepliaklqana.
    20 | D        | Found an opulent altar of Gozag.
    21 | D        | Found a glowing golden altar of the Shining One.
    21 | D        | Found a glowing silver altar of Zin.
    21 | D        | Found a basalt altar of Yredelemnul.
    21 | D        | Found a shimmering altar of Xom.
    21 | D        | Found an ornate altar of the Wu Jian Council.
    21 | D        | Found a sacrificial altar of Ru.
    21 | D        | Found a stormy altar of Qazlal.
    21 | D        | Found an iron altar of Okawaru.
    21 | D        | Found a sparkling altar of Nemelex Xobeh.
    21 | D        | Found a burning altar of Makhleb.
    21 | D        | Found a blossoming altar of Fedhas.
    21 | D        | Found a white marble altar of Elyvilon.
    21 | D        | Found a shadowy altar of Dithmenos.
    21 | D        | Found a snail-covered altar of Cheibriados.
    22 | D        | Found a radiant altar of Vehumet.
    22 | D        | Found a corrupted altar of Lugonu.
    22 | D        | Found a roughly hewn altar of Beogh.
    23 | D        | Found a hide-covered altar of Uskayaw.
    23 | D        | Found an ancient bone altar of Kikubaaqudgha.
    23 | D        | Found a shattered altar of Ashenzari.
    31 | D        | Became a worshipper of Jiyva Jeysoest the Shapeless
    31 | D        | Reached * piety under Jiyva
    31 | D        | Reached ** piety under Jiyva
    32 | D        | Killed a hellion
    34 | D        | Killed an azure jelly
    36 | D        | Killed a death ooze
    36 | D        | Reached *** piety under Jiyva
    37 | D        | Killed a red draconian shifter
    38 | D        | Gained mutation: You have supernaturally acute eyesight.
                  | (SInv) [Jiyva's grace]
    38 | D        | Reached **** piety under Jiyva
    39 | D        | Lost mutation: You have supernaturally acute eyesight.
                  | (SInv) [Jiyva's grace]
    39 | D        | Reached ***** piety under Jiyva
    39 | D        | Gained mutation: You are partially covered in molten
                  | scales. (AC +2) [Jiyva's grace]
    40 | D        | Gained mutation: You are partially covered in yellow
                  | scales. (AC +2) [Jiyva's grace]
    42 | D        | Killed a dream sheep
    43 | D        | Killed an azure jelly
    43 | D        | Gained mutation: Your spells are a little harder to cast,
                  | but a little more powerful. [Jiyva's grace]
    44 | D        | Reached ****** piety under Jiyva
    46 | D        | Gained mutation: You have a small jelly attached to you
                  | that senses nearby items. [Jiyva's grace]
    48 | D        | Gained mutation: Your rubbery body absorbs attacks. (AC +1,
                  | EV +1) [Jiyva's grace]
    48 | D        | Lost mutation: Your spells are a little harder to cast, but
                  | a little more powerful. [Jiyva's grace]
    49 | D        | Killed an azure jelly
    55 | D        | Killed a golden eye
    57 | D        | Killed a great orb of eyes
    59 | D        | Killed a hornet
    60 | D        | Killed a great orb of eyes
    64 | D        | Noticed a floating eye
    65 | D        | Killed a manticore
    86 | D        | Killed a floating eye
    90 | D        | Reached skill level 1 in Armour
    90 | D        | Reached XP level 2. HP: 31/31 MP: 1/1
    92 | D        | Reached skill level 4 in Unarmed Combat
    97 | D        | Gained mutation: You expend magic power (3 MP) to
                  | strengthen your wands. [Jiyva's grace]
    97 | D        | Gained mutation: Your translucent skin slightly reduces
                  | your foes' accuracy. (Stealth) [Jiyva's grace]
   101 | D        | Lost mutation: Your rubbery body absorbs attacks. (AC +1,
                  | EV +1) [Jiyva's grace]
   101 | D        | Lost mutation: You expend magic power (3 MP) to strengthen
                  | your wands. [Jiyva's grace]
   102 | D        | Gained mutation: You are partially covered in iridescent
                  | scales. (AC +2) [Jiyva's grace]
   110 | D        | Gained mutation: Armour fits poorly on your pseudopods.
                  | [Jiyva's grace]
   111 | D        | Lost mutation: You are partially covered in molten scales.
                  | (AC +2) [Jiyva's grace]
   120 | D        | Killed Dissolution
   131 | D        | Noticed a floating eye
   134 | D        | Noticed Purgy
   135 | D        | Noticed a bullfrog
   138 | D        | Killed a floating eye
   140 | D        | Killed a bullfrog
   140 | D        | Reached skill level 5 in Unarmed Combat
   140 | D        | Reached XP level 3. HP: 20/39 MP: 2/2
   140 | D        | Reached XP level 4. HP: 24/48 MP: 3/3
   148 | D        | Killed Purgy
   148 | D        | Reached skill level 5 in Fighting
   148 | D        | Reached skill level 5 in Dodging
   148 | D        | Reached skill level 6 in Unarmed Combat
   148 | D        | Reached XP level 5. HP: 20/57 MP: 4/4
   207 | D        | Killed an eye of draining
   209 | D        | Noticed an acid dragon
   217 | D        | Killed an acid dragon
   217 | D        | Reached skill level 7 in Unarmed Combat
   217 | D        | Reached XP level 6. HP: 27/67 MP: 5/5
   242 | D        | Gained mutation: Your flesh is heat resistant. (rF+)
                  | [Jiyva's grace]
   245 | D        | Lost mutation: Your flesh is heat resistant. (rF+) [Jiyva's
                  | grace]
   247 | D        | Lost mutation: You are partially covered in yellow scales.
                  | (AC +2) [Jiyva's grace]
   251 | D        | Lost mutation: You are partially covered in iridescent
                  | scales. (AC +2) [Jiyva's grace]
   254 | D        | Gained mutation: You have acidic saliva. [Jiyva's grace]
   259 | D        | Reached skill level 8 in Unarmed Combat
   274 | D        | Noticed a water moccasin
   274 | D        | Noticed a rime drake
   286 | D        | Killed a rime drake
   286 | D        | Reached skill level 5 in Armour
   286 | D        | Reached skill level 9 in Unarmed Combat
   286 | D        | Reached XP level 7. HP: 27/79 MP: 6/6
   288 | D        | Killed an unseen horror
   290 | D        | Reached XP level 8. HP: 70/89 MP: 7/7
   292 | D        | Gained mutation: Your mind is acute. (Int +2) [Jiyva's
                  | grace]
   292 | D        | Gained mutation: You passively map a small area around you.
                  | [Jiyva's grace]
   296 | D        | Gained mutation: You are covered in slimy tendrils that may
                  | disarm your opponents. [Jiyva's grace]
   298 | D        | Gained mutation: Your body has grown golden eyes which may
                  | confuse attackers. (Acc +3) [Jiyva's grace]
   299 | D        | Found the +7 pair of quick blades "Gyre" and "Gimble"
                  | {protect}
   300 | D        | Lost mutation: Your mind is acute. (Int +2) [Jiyva's grace]
   302 | D        | Lost mutation: You have a small jelly attached to you that
                  | senses nearby items. [Jiyva's grace]
   305 | D        | Gained mutation: Armour fits poorly on your large
                  | pseudopods. [Jiyva's grace]
   305 | D        | Gained mutation: You have a small jelly attached to you
                  | that senses nearby items. [Jiyva's grace]
   307 | D        | Lost mutation: You have acidic saliva. [Jiyva's grace]
   307 | D        | Gained mutation: You have very sharp teeth. [Jiyva's grace]
   387 | D        | Noticed an orc sorcerer
   388 | D        | Noticed a cyclops
   406 | D        | Killed a cyclops
   406 | D        | Reached skill level 10 in Unarmed Combat
   439 | D        | Gained mutation: You have a pair of small horns on your
                  | head. [Jiyva's grace]
   441 | D        | Killed an orc sorcerer
   441 | D        | Reached skill level 11 in Unarmed Combat
   442 | D        | Gained mutation: You expend magic power (3 MP) to
                  | strengthen your wands. [Jiyva's grace]
   446 | D        | Gained mutation: Armour fits poorly on your massive
                  | pseudopods. [Jiyva's grace]
   448 | D        | Gained mutation: Your body has grown many golden eyes which
                  | may confuse attackers. (Acc +5) [Jiyva's grace]
   448 | D        | Gained mutation: You have acidic saliva. [Jiyva's grace]
   453 | D        | Reached XP level 9. HP: 100/100 MP: 8/8
   461 | D        | Reached skill level 10 in Fighting
   461 | D        | Reached skill level 10 in Dodging
   463 | D        | Lost mutation: You expend magic power (3 MP) to strengthen
                  | your wands. [Jiyva's grace]
   468 | D        | Lost mutation: You have a pair of small horns on your head.
                  | [Jiyva's grace]
   502 | D        | Lost mutation: You passively map a small area around you.
                  | [Jiyva's grace]
   503 | D        | Noticed a guardian mummy
   510 | D        | Reached skill level 12 in Unarmed Combat
   514 | D        | Noticed a spriggan rider
   522 | D        | Slimified a guardian mummy
   522 | D        | Noticed a death ooze
   522 | D        | a guardian mummy changed into a death ooze
   523 | D        | Gained mutation: You are robust. (+10% HP) [Jiyva's grace]
   524 | D        | Killed a death ooze
   531 | D        | Slimified a spriggan rider
   531 | D        | a spriggan rider changed into a slime creature
   532 | D        | Lost mutation: You have a small jelly attached to you that
                  | senses nearby items. [Jiyva's grace]
   542 | D        | Gained mutation: Your muscles are strong. (Str +2) [Jiyva's
                  | grace]
   559 | D        | Killed an eye of devastation
   579 | D        | Noticed an orc knight
   617 | D        | Noticed an orc sorcerer
   620 | D        | Noticed an orc sorcerer
   627 | D        | Killed an orc sorcerer
   627 | D        | Reached XP level 10. HP: 103/122 MP: 9/9
   632 | D        | Paralysed by an orc sorcerer for 4 turns
   643 | D        | Killed an orc sorcerer
   647 | D        | Gained mutation: Your muscles are very strong. (Str +4)
                  | [Jiyva's grace]
   653 | D        | Lost mutation: You are robust. (+10% HP) [Jiyva's grace]
   668 | D        | Gained mutation: You are resistant to electric shocks.
                  | (rElec) [Jiyva's grace]
   672 | D        | Killed an eye of devastation
   683 | D        | Gained mutation: Your spells are a little harder to cast,
                  | but a little more powerful. [Jiyva's grace]
   683 | D        | Gained mutation: You occasionally shout uncontrollably at
                  | your foes. [Jiyva's grace]
   683 | D        | Lost mutation: Your muscles are very strong. (Str +4)
                  | [Jiyva's grace]
   684 | D        | Lost mutation: You occasionally shout uncontrollably at
                  | your foes. [Jiyva's grace]
   693 | D        | HP: 5/113 [poisoned by a ghost moth]
   693 | D        | Slain by a ghost moth

Levels and vault maps discovered:
D:        pitsprint [storerooms_1, entrance_room_1, metal_vault_5, armoury_3,
          mini_pit_1, grid_room_1, main_hall_1, silver_pit, the_coven_1,
          the_vestibule_1, steel_vault_4, golden_pit, hallway_of_sentries,
          crystal_vault_1, iron_vault_1, final_vault]

Skill      XL: |  1  2  3  4  5  6  7  8  9 10 |
---------------+-------------------------------+-----
Fighting       | 3 4 5 6 7 8 9 10 11 | 11.0
Armour         | 1 2 3 5 6 7 |  7.6
Dodging        | 3 4 5 6 7 8 9 10 11 | 11.0
Unarmed Combat | 5 6 7 9 11 12 | 12.8
Stealth        | |  1.0

Action                   |  1- 3 |  4- 6 |  7- 9 | 10-12 || total
-------------------------+-------+-------+-------+-------++-------
Melee: Unarmed           |    23 |    26 |    64 |     8 ||   121
       Pseudopods        |     2 |     4 |    13 |     1 ||    20
       Bite              |       |     2 |     9 |     2 ||    13
       Punch             |       |     1 |     5 |     1 ||     7
       Headbutt          |       |       |     4 |       ||     4
Invok: Slimify           |       |       |     2 |       ||     2
  Use: Potion            |       |     2 |     1 |     7 ||    10
 Stab: Sleeping          |       |     1 |       |       ||     1
  Eat: Chunk             |       |     4 |     1 |       ||     5
Armor: Robe              |    13 |     2 |       |       ||    15
       Troll leather arm |       |     8 |    13 |    17 ||    38
Dodge: Dodged            |    15 |    22 |    46 |    22 ||   105

Table legend:
 A = Non-vault XP
 B = Vault XP
 C = Vault XP percentage of total XP
 D = Non-vault monster count
 E = Vault monster count
 F = Vault count percentage of total count
                 A         B        C        D         E       F
            +---------+---------+-------+---------+---------+-------
      Total |       0 |    6044 | 100.0 |       0 |      43 | 100.0
            +---------+---------+-------+---------+---------+-------
          D |       0 |    6044 | 100.0 |       0 |      43 | 100.0
            +---------+---------+-------+---------+---------+-------
